Map: Radhuset Station LE

Players

chestnutcc - Winner!

  • Race: Protoss Protoss
  • League: Diamond
  • Spawn Location: 7:00

LennartNL

  • Race: Terran Terran
  • League: Diamond
  • Spawn Location: 1:00

VOD

Have the link to the VOD?

Description

Time

  • Played on: Oct. 8, 2023, 4:11 a.m.
  • Length: 18:18
Show
View Real Time Build Order
Export as new Build Order

chestnutcc Protoss - Winner!

Build Orders: Blink Stalkers, Carriers, Chargelot Immortal 

Get SALT Encoding   

  12  0:00  Probe  
  13  0:13  Probe  
  14  0:20  Pylon  
  14  0:25  Probe  
  15  0:38  Gateway  
  15  0:41  Probe (Chrono Boost)  
  16  0:51  Assimilator, Probe (Chrono Boost)  
  16  0:56  Probe (Chrono Boost)  
  17  1:02  Assimilator  
  18  1:08  Probe  
  19  1:20  Probe  
  20  1:29  Zealot (Chrono Boost)  
  20  1:32  Probe  
  23  1:34  Pylon  
  23  1:38  Cybernetics Core  
  23  1:52  Probe  
  24  2:05  Probe  
  25  2:13  Stalker (Chrono Boost)  
  25  2:21  Nexus  
  27  2:34  Probe  
  28  2:37  Twilight Council  
  28  2:48  Shield Battery  
  28  2:49  Stalker (Chrono Boost)  
  29  3:03  Probe  
  28  3:15  Shield Battery, Probe  
  28  3:16  Blink (Chrono Boost), Stalker (Chrono Boost)  
  31  3:32  Probe  
  32  3:36  Shield Battery  
  32  3:40  Stalker (Chrono Boost)  
  32  3:41  Probe  
  32  3:44  Probe  
  34  4:12  Stalker (Chrono Boost)  
  34  4:17  Gateway, Probe  
  34  4:21  Warp Gate (Chrono Boost)  
  35  4:24  Probe  
  35  4:30  Probe  
  35  4:31  Gateway x2  
  37  4:37  Robotics Facility  
  37  4:46  Stalker  
  39  5:10  Stalker  
  39  5:22  Immortal (Chrono Boost)  
  39  5:23  Probe  
  39  5:25  Probe  
  39  5:27  Pylon  
  45  5:28  Charge (Chrono Boost)  
  45  5:33  Pylon  
  45  5:35  Probe  
  45  5:37  Gateway  
  46  5:43  Pylon  
  46  5:45  Probe  
  46  5:48  Probe  
  48  5:51  Pylon  
  48  5:58  Probe  
  48  6:00  Probe  
  52  6:06  Stalker x3  
  52  6:07  Stalker  
  58  6:13  Probe x2  
  58  6:15  Shield Battery  
  60  6:22  Warp Prism (Chrono Boost)  
  62  6:26  Probe  
  62  6:32  Probe  
  64  6:37  Pylon  
  64  6:46  Probe  
  65  7:01  Nexus  
  65  7:03  Pylon  
  65  7:14  Probe  
  66  7:17  Zealot x5, Pylon  
  66  7:31  Probe  
  66  7:32  Probe  
  66  7:43  Probe  
  65  7:45  Stargate, Probe  
  65  7:46  Stargate  
  65  7:47  Assimilator  
  65  7:50  Assimilator  
  66  7:52  Immortal (Chrono Boost)  
  70  8:00  Zealot x2  
  74  8:05  Robotics Facility  
  74  8:11  Probe  
  71  8:20  Probe x2  
  71  8:22  Shield Battery  
  71  8:23  Probe  
  71  8:26  Immortal  
  78  8:32  Fleet Beacon, Probe x2 (Chrono Boost)  
  80  8:36  Probe (Chrono Boost)  
  80  8:37  Pylon  
  80  8:40  Zealot  
  83  8:44  Probe (Chrono Boost)  
  83  8:45  Probe (Chrono Boost)  
  83  8:48  Probe (Chrono Boost)  
  86  8:50  Zealot  
  86  8:51  Zealot  
  86  8:53  Probe (Chrono Boost)  
  86  8:54  Probe (Chrono Boost)  
  86  8:55  Probe (Chrono Boost)  
  92  8:59  Probe  
  92  9:01  Probe  
  94  9:04  Probe  
  94  9:07  Immortal  
  105  9:23  Carrier (Chrono Boost)  
  106  9:31  Probe  
  106  9:33  Probe  
  106  9:36  Nexus  
  108  9:39  Pylon  
  106  9:48  Carrier (Chrono Boost)  
  106  9:51  Immortal  
  114  9:54  Zealot  
  114  9:56  Zealot  
  118  10:03  Zealot x2  
  116  10:16  Probe x2  
  116  10:17  Immortal  
  106  10:22  Probe  
  106  10:23  Zealot  
  106  10:28  Carrier (Chrono Boost)  
  107  10:30  Immortal  
  107  10:33  Protoss Air Weapons Level 1 (Chrono Boost)  
  117  10:37  Stalker x2  
  117  10:39  Probe  
  117  10:41  Assimilator  
  122  10:50  Assimilator  
  122  10:54  Carrier (Chrono Boost)  
  128  11:04  Forge  
  128  11:08  Forge  
  128  11:11  Probe  
  129  11:12  Immortal  
  129  11:16  Probe  
  134  11:19  Probe  
  134  11:23  Assimilator  
  135  11:27  Assimilator  
  135  11:29  Pylon  
  135  11:35  Stargate  
  135  11:38  Immortal, Pylon  
  139  11:43  Probe  
  140  11:51  Immortal  
  144  11:56  Nexus  
  144  11:57  Pylon  
  140  12:02  Carrier  
  140  12:05  Carrier  
  151  12:13  Photon Cannon, Protoss Ground Armor Level 1 (Chrono Boost), Protoss Ground Weapons Level 1 (Chrono Boost)  
  151  12:15  Photon Cannon, Probe  
  152  12:17  Photon Cannon  
  152  12:19  Shield Battery  
  152  12:27  Zealot x4  
  160  12:40  Immortal  
  160  12:43  Robotics Facility  
  164  12:44  Robotics Bay  
  164  12:46  Robotics Facility  
  164  12:52  Zealot x2  
  164  12:53  Zealot x2  
  172  12:59  Pylon  
  172  13:02  Pylon  
  172  13:03  Zealot, Pylon  
  172  13:04  Pylon  
  168  13:11  Immortal  
  141  13:21  Immortal  
  141  13:22  Zealot x3  
  141  13:23  Zealot  
  127  14:21  Immortal x2  
  123  14:25  Protoss Ground Weapons Level 2 (Chrono Boost), Protoss Ground Armor Level 2 (Chrono Boost)  
  123  14:29  Immortal x2  
  131  14:35  Tempest x3  
  134  14:51  Nexus  
  134  14:52  Pylon  
  134  15:00  Disruptor x2  
  142  15:08  Disruptor x2  
  150  15:15  Nexus  
  150  15:17  Tempest  
  150  15:19  Gravitic Drive  
  150  15:20  Tempest x2  
  165  15:27  Zealot  
  167  15:30  Zealot  
  169  15:36  Observer  
  169  15:39  Disruptor  
  174  15:47  Probe  
  175  15:51  Pylon  
  175  15:56  Pylon  
  175  16:01  Carrier  
  181  16:06  Tempest  
  181  16:09  Zealot x2  
  190  16:12  Observer x2  
  190  16:17  Zealot  
  190  16:18  Zealot x2  
  170  16:54  Unknown  
  158  16:56  Zealot x4  
  150  17:18  Zealot x2  
  150  17:19  Zealot  
  150  17:20  Observer  
  172  17:33  Immortal x4  
  172  17:36  Stargate  
  172  17:37  Stargate  
Show
View Real Time Build Order
Export as new Build Order

LennartNL Terran 

Build Orders: 2 Factory, Mech 

Get SALT Encoding   

  12  0:00  SCV  
  13  0:12  SCV  
  14  0:18  Supply Depot  
  14  0:26  SCV  
  15  0:39  SCV  
  16  0:51  SCV, Refinery  
  16  0:53  Barracks  
  17  0:59  Refinery  
  17  1:04  SCV  
  18  1:16  SCV  
  19  1:28  SCV  
  20  1:41  Factory  
  20  1:43  Orbital Command  
  20  1:52  Supply Depot  
  20  1:54  Barracks Reactor  
  20  2:09  SCV  
  21  2:21  SCV  
  22  2:31  Marine x2  
  24  2:39  SCV  
  24  2:43  Command Center  
  24  2:51  SCV  
  24  3:11  SCV  
  25  3:16  Factory  
  25  3:21  Supply Depot  
  25  3:25  Reaper  
  25  3:32  Cyclone  
  25  3:33  SCV  
  28  3:37  Cyclone  
  28  3:38  Supply Depot  
  28  3:45  SCV  
  27  4:07  Supply Depot  
  26  4:12  SCV  
  26  4:13  Factory Reactor  
  26  4:14  Orbital Command  
  27  4:26  Reaper  
  27  4:27  SCV  
  29  4:35  Factory Tech Lab  
  29  4:37  Factory  
  29  4:39  SCV  
  29  4:40  Orbital Command  
  30  4:49  Cyclone x2  
  30  4:51  SCV  
  35  4:55  Siege Tank  
  36  5:03  SCV  
  36  5:15  SCV  
  37  5:21  Cyclone  
  37  5:27  Siege Tank, SCV  
  43  5:30  Factory Tech Lab  
  43  5:32  Hurricane Engines  
  43  5:40  SCV  
  44  5:45  SCV  
  44  5:49  Siege Tank  
  48  5:52  SCV  
  49  5:57  SCV  
  49  6:01  Supply Depot  
  49  6:03  Siege Tank, Refinery  
  49  6:04  SCV  
  54  6:09  SCV  
  55  6:16  SCV  
  56  6:21  Siege Tank  
  56  6:22  SCV  
  60  6:30  SCV  
  61  6:34  SCV  
  62  6:40  Command Center  
  62  6:42  Supply Depot  
  62  6:43  SCV  
  62  6:46  Supply Depot, SCV  
  64  6:50  Armory, Refinery  
  64  6:54  Siege Tank  
  64  7:00  SCV x2  
  69  7:05  Supply Depot  
  69  7:07  Siege Tank  
  72  7:11  Supply Depot  
  72  7:12  SCV  
  72  7:13  SCV  
  74  7:25  SCV x2  
  74  7:26  Siege Tank  
  74  7:27  Factory Reactor  
  71  7:45  Terran Vehicle Weapons Level 1  
  71  7:48  SCV x2  
  71  7:49  Siege Tank  
  76  8:02  Refinery  
  76  8:03  Refinery  
  76  8:04  Cyclone x2  
  79  8:19  Siege Tank  
  82  8:21  Siege Tank  
  85  8:27  Engineering Bay  
  85  8:29  Supply Depot  
  85  8:36  SCV x2  
  87  8:43  Command Center x2  
  87  8:45  Armory  
  87  8:48  SCV x2  
  89  8:49  Cyclone x2  
  93  9:01  Orbital Command  
  93  9:04  SCV x2  
  93  9:08  Siege Tank  
  93  9:09  Siege Tank, Missile Turret  
  101  9:16  Missile Turret  
  101  9:18  Missile Turret, SCV x2  
  103  9:30  SCV x2  
  105  9:31  Cyclone x2  
  102  9:59  SCV  
  104  10:00  Orbital Command, SCV x2  
  104  10:01  Orbital Command  
  103  10:11  SCV  
  103  10:12  SCV  
  101  10:16  Siege Tank x2, Cyclone  
  101  10:17  Cyclone  
  111  10:31  Missile Turret, SCV x2  
  111  10:34  Missile Turret, SCV  
  111  10:35  Missile Turret  
  114  10:38  SCV x2  
  116  10:43  SCV x2  
  116  10:46  Terran Vehicle Weapons Level 2, SCV  
  116  10:47  Terran Vehicle And Ship Armor Level 1  
  119  10:57  Cyclone x2  
  119  10:58  Siege Tank x2, Supply Depot  
  119  11:00  SCV x3  
  119  11:03  Sensor Tower x2  
  132  11:15  Orbital Command  
  132  11:23  SCV x2  
  132  11:24  SCV x2  
  136  11:28  Supply Depot  
  136  11:29  Cyclone x2  
  136  11:30  Factory x2  
  140  11:33  Siege Tank x2  
  140  11:35  SCV x2  
  148  11:47  SCV x4  
  150  11:53  SCV, Refinery  
  153  11:55  Refinery  
  153  11:59  SCV  
  153  12:00  SCV x2  
  156  12:02  Hellion x2  
  156  12:03  Barracks Tech Lab  
  156  12:05  Siege Tank, Cyclone  
  165  12:11  Supply Depot  
  165  12:12  Supply Depot  
  165  12:14  Factory Tech Lab  
  165  12:15  Factory Tech Lab  
  165  12:33  Thor x2  
  165  12:34  Starport  
  165  12:35  Starport  
  165  12:36  Widow Mine x2  
  181  12:37  Siege Tank  
  181  12:39  Command Center  
  181  12:40  Starport  
  177  13:01  SCV x4  
  176  13:06  Widow Mine x2  
  176  13:07  Thor  
  176  13:09  Thor  
  185  13:13  SCV x2  
  168  13:25  Thor  
  168  13:26  Thor  
  136  13:49  Thor  
  136  13:52  Thor  
  124  14:08  Thor  
  107  14:33  Thor x2  
  107  14:35  Widow Mine x2  
  123  14:40  SCV x3  
  126  14:47  Missile Turret  
  126  14:48  Starport Reactor x3  
  126  14:59  SCV  
  128  15:00  SCV x3  
  128  15:04  Sensor Tower  
  128  15:06  Thor, Widow Mine  
  138  15:09  Terran Vehicle And Ship Armor Level 2  
  138  15:11  SCV  
  138  15:12  SCV x2  
  141  15:16  SCV  
  141  15:18  Orbital Command  
  142  15:24  SCV  
  143  15:31  Terran Vehicle Weapons Level 3  
  143  15:34  Widow Mine x2  
  147  15:41  Command Center  
  147  15:47  SCV x3  
  150  15:51  Command Center  
  150  15:53  Thor  
  156  15:59  Command Center  
  156  16:00  Supply Depot  
  156  16:02  Supply Depot  
  156  16:04  Thor  
  160  16:14  Siege Tank x2  
  160  16:15  Hellion x2  
  170  16:36  Siege Tank  
  159  16:44  Hellion  
  159  16:46  Siege Tank x2  
  141  16:54  Siege Tank  
  141  17:00  SCV x4  
  97  17:08  Siege Tank  
  97  17:12  SCV x3  
  98  17:17  Refinery  
  92  17:43  SCV x2  
  90  17:52  Refinery  
  90  17:53  SCV x2  
  90  17:54  Widow Mine  
  90  17:55  Hellion, SCV, Widow Mine  
Tags
 
Add a new tag
Caveats
  • Supply blocks, unpowered buildings, or Contaminate may cause inaccurate times.
  • Supply counts are checked every 10 seconds.